Winsalmostnever, neutral male human Tourist ---------- |........| #--------------------------------- |........| ##..........@.@@).................| |........| ##|.----....-----.----+-- ----- | |<.......-#######|.| ----.| .+ |........| # |.| |.| | --.------- ### |.- |.| ### # |. |.| # ### |. -.- ### # |. . # # |. -. ## # |.- |.- ---|-# |.| |.+ |.>.|# |.| -.| |...(# |.| .| |...| |.- .- ----- |. . --- --- Winsalmostnever the Sightseer Experience level: 5 Strength: 16 Dexterity: 10 Constitution: 16 Intelligence: 11 Wisdom: 8 Charisma: 16 Health: 0(58) Energy: 8(8) Def: 3 Gold: 1023 Moves: 1426 Dungeon seed: ezTfOLWLM-Fre4qZ Game ID: Winsalmostnever_1708896796 Your Inventory: Coins $ - 1023 gold pieces Weapons a - 2 uncursed +2 darts w - 3 uncursed +0 daggers of frost (wielded) D - 5 cursed +0 darts (in quiver) Armor e - an uncursed +0 Hawaiian shirt (being worn) y - an uncursed +0 dwarvish cloak (being worn) z - an uncursed +0 pair of iron shoes (being worn) N - a cursed -1 dwarvish iron helm (being worn) Comestibles b - 6 uncursed food rations c - an uncursed pancake d - an uncursed cream pie f - 2 uncursed eggs g - an uncursed candy bar h - 2 uncursed tripe rations i - an uncursed lembas wafer C - a blessed tin of hobgoblin meat G - an uncursed tin of green mold Scrolls k - 3 uncursed scrolls of magic mapping l - a blessed scroll of magic mapping Potions j - 2 uncursed potions of extra healing Rings s - an uncursed ring of shock immunity Tools m - an uncursed credit card n - an uncursed expensive camera (0:68) o - an uncursed leash p - an uncursed magic marker (0:0) q - an uncursed tin opener r - an uncursed towel v - an uncursed skeleton key x - an uncursed expensive camera (0:96) B - an uncursed tinning kit (0:83) Spells and supernatural/magical abilities: Name Level Category Cost Memory W - pray for help -- divine ? -- Your skills at the end: Fighting Skills wands [Basic] Weapon Skills dart [Skilled] Spellcasting Skills Final Attributes: You had transgressed. You were unlucky. The Lady was noncommittal. You are dead. Vanquished creatures: a watchman a gnome king 2 dwarf lords 2 gnome lords 3 gnomish wizards a little dog a kitten 4 dwarves 2 hill orcs a coyote a gas spore 2 giant rats 3 cave spiders 18 gnomes a garter snake a gnome zombie a gecko 4 jackals 2 foxes 3 grid bugs 3 lichens a kobold zombie a newt 59 creatures vanquished. Voluntary challenges: You were an atheist. You used a wielded weapon 17 times, starting on turn 669. You were illiterate. You never genocided any monsters. You never polymorphed an object. You never changed form. You used no wishes. You never split a pudding. You never wrote Elbereth's name. You violated your moral code, losing 36 points of alignment, starting on turn 1390. Dungeon overview: The Dungeons of Doom: levels 1 to 2 Level 1 a fountain a long staircase Level 2 stairs to The Gnomish Mines The Gnomish Mines: levels 3 to 5 Level 3 stairs to The Dungeons of Doom Level 4 Level 5 <- You were here History has recorded: On T:1 you entered the Dungeons of Doom to retrieve the Amulet of Yendor! On T:501 you reached level 2 of The Dungeons of Doom. On T:617 you advanced to experience level 2. On T:621 you advanced to experience level 3. On T:656 you advanced to experience level 4. On T:880 you advanced to experience level 5. On T:971 you reached level 2 of The Gnomish Mines. On T:1105 you advanced to experience level 6. On T:1295 you reached level 3 of The Gnomish Mines. Score breakdown: Gold: 130 ( 7202 points) Experience: 5 levels (11141 points) Exploration: 5 levels ( 9.43%) ( 8320 points) Discoveries: 2 items ( 0.66%) ( 2437 points) Valuables value: (no points given unless you survive) Artifact value: 0 ( 0 points) Variety of kills: 23 monsters ( 6.05%) ( 7380 points) Turncount: 1426 turns ( 0 points) Survival: died (score multiplied by 80%) Total score: 29184 Latest messages: The watchman thrusts his short sword at you. The watchman hits! You miss the watchman. The watchman thrusts his short sword at you. The watchman hits! You miss the watchman. The watchman thrusts his short sword at you. The watchman hits! The watch captain throws a dart! The dart hits the watchman. You miss the watchman. (2x) The watchman thrusts his short sword at you. The watchman hits! The watch captain can see again. You miss the watchman. The watchman thrusts his short sword at you. The watchman hits! The watch captain throws a dart! The dart misses the watchman. You are hit by a dart. The weapon freezes the watchman! The watchman thrusts his short sword at you. The watchman hits! You die... For some reason, you think that you can almost hear the Wizard laugh manically... Final status: Aloha Winsalmostnever the Tourist, killed by a watchman... You died in The Gnomish Mines on dungeon level 5 with 29184 points, and 1023 pieces of gold, after 1426 moves. You were level 5 with a maximum of 58 hit points when you died.